 Dungeon Crawl Stone Soup version 0.21.1-1-g345015fe64 (webtiles) character file.

92 Ivernyr the Charmwright (level 4, -1/34 HPs)
             Began as a Demonspawn Skald on Apr 26, 2018.
             Slain by a goblin
             ... wielding a +0 dagger
             ... led by Robin
              (3 damage)
             ... while paralysed by Grinder
             ... on level 3 of the Dungeon.
             The game lasted 00:04:30 (1693 turns).

Ivernyr the Charmwright (Demonspawn Skald)          Turns: 1693, Time: 00:04:30

Health: -1/34      AC:  5    Str: 12    XL:     4   Next: 35%
Magic:  1/7        EV:  2    Int: 14    God:
Gold:   115        SH:  0    Dex: 13    Spells: 2/7 levels left

rFire    . . .     SeeInvis .   a - +0 falchion
rCold    . . .     Gourm    .   (no shield)
rNeg     . . .     Faith    .   b - +0 leather armour
rPois    .         Spirit   .   (no helmet)
rElec    .         Reflect  .   (no cloak)
rCorr    .         Harm     .   (no gloves)
MR       .....                  (no boots)
Stlth    +.........             (no amulet)
HPRegen  0.11/turn              (no ring)
MPRegen  0.10/turn              (no ring)

@: paralysed, shrouded (expiring), singing
A: slimy green scales 1, spiny 1
a: no special abilities


You were on level 3 of the Dungeon.
You were not hungry.

You visited 1 branch of the dungeon, and saw 3 of its levels.

You collected 115 gold pieces.

Inventory:

Hand Weapons
 a - a +0 falchion (weapon)
Armour
 b - a +0 leather armour (worn)
Scrolls
 e - 2 scrolls of enchant armour {unknown}
 f - 2 scrolls of identify {unknown}
 g - 2 scrolls of enchant weapon {unknown}
 i - a scroll of remove curse {unknown}
 k - a scroll of amnesia {unknown}
Potions
 h - 3 potions of heal wounds {unknown}
 j - 2 potions of curing {unknown}
 l - a potion of lignification {unknown}
Books
 c - a book of Battle

   Spells                             Type                      Level
   a - Infusion                       Charms                       1
   b - Shroud of Golubria             Charms/Translocation         2
   c - Song of Slaying                Charms                       2
   d - Spectral Weapon                Hexes/Charms                 3
   e - Regeneration                   Charms/Necromancy            3
Comestibles
 d - 2 rations


   Skills:
 + Level 2.6 Fighting
 + Level 2.3 Long Blades
 * Level 2.5 Armour
 - Level 1.7 Dodging
 - Level 2.0 Spellcasting
 + Level 3.2 Charms


You had 2 spell levels left.
You knew the following spells:

 Your Spells              Type           Power        Failure   Level  Hunger
a - Shroud of Golubria    Chrm/Tloc      #.........   24%         2    ###....
b - Song of Slaying       Chrm           ##......     12%         2    ###....
c - Infusion              Chrm           ##..         9%          1    ##.....


Dungeon Overview and Level Annotations

Branches:
Dungeon (2/15)

Altars:
Ashenzari

Annotations:
D:3 Grinder


Innate Abilities, Weirdness & Mutations

You are partially covered in slimy green scales. (AC +2)
You are partially covered in sharp spines.


Message History

Grinder gestures at you.
You suddenly lose the ability to move!
A goblin comes into view. It is wielding a dagger.
You hear a shout!
Grinder hits you.
* * * LOW HITPOINT WARNING * * *
Grinder gestures at you. Pain shoots through your body!
* * * LOW HITPOINT WARNING * * *
A goblin comes into view.
You hear a shout!
Grinder gestures at you.
You barely resist.
Your magical contamination has completely faded away.
A rat and a goblin come into view.
You hear a shout!
Grinder is struck by your spines.
Your shroud bends Grinder's attack away!
The goblin is struck by your spines. The goblin hits you with a dagger.
You die...

...... # ##...r..# #.##
........# ###.#. #.......#
..>..###.......#
.....##.......#
#.#.gg.[.....### .
#...@5..........
...########...##g.........
....>..........##.........
.?###.........###.=......
#.........# #†.......
#.........# #..g....!
#...........#..[.....
#.........#.##.......
#.........### .g..g_.


You could see Grinder, 4 goblins and a rat.

Vanquished Creatures
  3 adders
  An ooze (D:1)
  2 dart slugs
  2 giant cockroaches
  11 goblins
  5 hobgoblins
  5 jackals
  9 bats
  2 frilled lizards
  5 kobolds
  10 rats
55 creatures vanquished.

Notes
Turn   | Place    | Note
-------+----------+-------------------------------------------
     0 | D:1      | Ivernyr the Demonspawn Skald began the quest for the Orb.
     0 | D:1      | Reached XP level 1. HP: 16/16 MP: 3/3
     9 | D:1      | Reached skill level 1 in Armour
    62 | D:1      | Gained mutation: You are partially covered in sharp spines. [demonic ancestry]
    62 | D:1      | Reached XP level 2. HP: 15/22 MP: 5/5
   158 | D:1      | Learned a level 2 spell: Song of Slaying
   161 | D:1      | Learned a level 2 spell: Shroud of Golubria
   492 | D:1      | Reached skill level 3 in Charms
   492 | D:1      | Reached XP level 3. HP: 28/28 MP: 6/6
  1387 | D:2      | Gained mutation: You are partially covered in slimy green scales. (AC +2) [demonic ancestry]
  1387 | D:2      | Reached XP level 4. HP: 31/34 MP: 7/7
  1641 | D:2      | You fall through a shaft!
  1663 | D:3      | Found a shattered altar of Ashenzari.
  1663 | D:3      | Noticed Grinder
  1688 | D:3      | Paralysed by Grinder for 7 turns
  1690 | D:3      | HP: 1/34 [Grinder/nerve-wracking pain (6)]
  1693 | D:3      | Slain by a goblin

Skill      XL: |  1  2  3 |
---------------+----------+-----
Armour         | 1 2 |  2.5
Long Blades    | 2 |  2.3
Charms         | 3 |  3.2
Fighting       | |  2.6
Dodging        | |  1.7
Spellcasting   | |  2.0

Action                   |  1- 3 |  4- 6 || total
-------------------------+-------+-------++-------
Melee: Falchion          |    93 |    27 ||   120
 Cast: Shroud of Golubri |     3 |     2 ||     5
       Song of Slaying   |     1 |     1 ||     2
 Stab: Sleeping          |     1 |       ||     1
  Eat: Chunk             |     2 |     1 ||     3
Armor: Leather armour    |    21 |     9 ||    30
Dodge: Dodged            |    68 |    24 ||    92
       Rpst.: Falchion   |    24 |     6 ||    30
